 Dungeon Crawl Stone Soup version 0.27.1 (webtiles) character file.

Game seed: 6621212467336682814

4575 Ijustatesigmund the Fighter (level 10, -5/66 HPs)
             Began as a Gargoyle Fighter on Aug 26, 2021.
             Was a Believer of Cheibriados.
             Slain by a two-headed ogre (23 damage)
             ... on level 9 of the Dungeon.
             The game lasted 00:13:54 (9601 turns).

Ijustatesigmund the Fighter (Gargoyle Fighter)      Turns: 9601, Time: 00:13:55

Health: -5/66      AC: 19    Str: 26    XL:     10   Next: 41%
Magic:  13/13      EV: 11    Int: 14    God:    Cheibriados [**....]
Gold:   502        SH: 11    Dex: 16    Spells: 9/9 levels left

rFire    + + .     SeeInvis .   a - +0 flail (venom)
rCold    . . .     Faith    .   c - +0 kite shield
rNeg     + . .     Spirit   .   b - +3 ring mail {rF+}
rPois    ∞         Reflect  .   (no helmet)
rElec    +         Harm     .   k - +0 cloak
rCorr    .         Rampage  .   (no gloves)
Will     .....                  g - +1 pair of boots
Stlth    +.........             (no amulet)
HPRegen  0.21/turn              o - ring of protection from fire
MPRegen  0.13/turn              (no ring)

@: very slow
A: sickness immunity, AC +7, negative energy resistance 1, electricity
resistance, torment resistance 1, petrification resistance
a: Renounce Religion, Bend Time


You were on level 9 of the Dungeon.
You worshipped Cheibriados.
Cheibriados was pleased with you.
You visited 2 branches of the dungeon, and saw 10 of its levels.

You collected 544 gold pieces.
You spent 42 gold pieces at shops.

Inventory:

Hand Weapons
 a - a +0 flail of venom (weapon)
Armour
 b - a +3 ring mail of fire resistance (worn)
 c - a +0 kite shield (worn)
 g - a +1 pair of boots (worn)
 k - a +0 cloak (worn)
Jewellery
 h - an amulet of guardian spirit
 m - a ring of ice
 o - a ring of protection from fire (left hand)
 p - a ring of flight
Wands
 d - a wand of digging (5)
 e - a wand of flame (30)
 l - a wand of iceblast (10)
 u - a wand of paralysis (3)
Scrolls
 j - 2 scrolls of blinking
 r - a scroll of teleportation
 v - a scroll of brand weapon
 x - a scroll of fear
Potions
 f - a potion of flight
 n - 2 potions of brilliance
 q - a potion of might
 s - a potion of attraction {unknown}
 t - a potion of magic
 w - a potion of mutation {unknown}
 z - a potion of degeneration {unknown}


   Skills:
 + Level 9.2 Fighting
 + Level 8.8 Maces & Flails
 + Level 5.6 Armour
 - Level 4.7 Dodging
 - Level 5.2 Shields
 + Level 5.1 Invocations


You had 9 spell levels left.
You didn't know any spells.
Your spell library contained the following spells:

 Spells                   Type           Power      Damage    Failure   Level
 Foxfire                  Conj/Fire      0%         2x1d4     83%         1
 Sandblast                Erth           0%         2d4       83%         1
 Shock                    Conj/Air       0%         1d3       83%         1
 Passwall                 Tmut/Erth      0%         N/A       92%         2
 Slow                     Hex            0%         N/A       92%         2
 Confusing Touch          Hex            0%         N/A       99%         3
 Conjure Flame            Conj/Fire      0%         6-21      99%         3
 Dazzling Flash           Conj/Hex       0%         N/A       99%         3
 Inner Flame              Hex/Fire       0%         N/A       99%         3
 Swiftness                Air            0%         N/A       99%         3
 Vampiric Draining        Necr           0%         2d6       99%         3
 Airstrike                Air            0%         N/A       100%        4
 Passage of Golubria      Tloc           N/A        N/A       100%        4
 Summon Lightning Spire   Summ/Air       0%         N/A       100%        4
 Lee's Rapid Deconstruct  Erth           0%         3d5*      100%        5
 Lightning Bolt           Conj/Air       0%         1d11      100%        5
 Silence                  Hex/Air        0%         N/A       100%        5
 Invisibility             Hex            0%         N/A       100%        6
 Lehudib's Crystal Spear  Conj/Erth      0%         10d2      100%        8


Dungeon Overview and Level Annotations

Branches:
Dungeon (9/15)             Temple (1/1) D:5
   Lair: D:8-11         Orc: D:9-12

Altars:
Cheibriados
Dithmenos
Elyvilon
Fedhas
Gozag
Hepliaklqana
Kikubaaqudgha
Makhleb
Nemelex Xobeh
Okawaru
Qazlal
Sif Muna
Trog
Uskayaw
Vehumet
Xom
Yredelemnul
Zin
The Shining One

Shops:
D:1 !


Innate Abilities, Weirdness & Mutations

You are immune to sickness and miasma.
Your stone body is resilient. (AC +7)
You are immune to poison.
You resist negative energy. (rN+)
You are resistant to electric shocks. (rElec)
You are resistant to unholy torment.
You are immune to petrification.


Message History

You thump the two-headed ogre!
The two-headed ogre looks as sick as possible!
The two-headed ogre is lightly wounded.
The wyvern bites you! You block the two-headed ogre's attack.
The two-headed ogre hits you with a +0 giant spiked club!!
You are too injured to fight recklessly!
You are too injured to fight recklessly!
You are too injured to fight recklessly!
You are too injured to fight recklessly!
You are too injured to fight recklessly!
You are too injured to fight recklessly!
You are too injured to fight recklessly!
You are too injured to fight recklessly!
You are too injured to fight recklessly!
You are too injured to fight recklessly!
You are too injured to fight recklessly!
You are too injured to fight recklessly!
You are too injured to fight recklessly!
You are too injured to fight recklessly!
You are too injured to fight recklessly!
Your shield prevents you from hitting the wyvern.
The wyvern bites you but does no damage.
The two-headed ogre hits you with a +0 giant club.
* * * LOW HITPOINT WARNING * * *
You block the two-headed ogre's attack. You block the wyvern's attack.
You feel better. You block the wyvern's attack.
You block the two-headed ogre's attack. The two-headed ogre barely misses you.
You block the wyvern's attack.
You sock the two-headed ogre!
The two-headed ogre looks as sick as possible!
The two-headed ogre is heavily wounded.
The wyvern completely misses you. You block the two-headed ogre's attack.
The two-headed ogre hits you with a +0 giant spiked club.
You hit the two-headed ogre.
The two-headed ogre is severely wounded.
You block the wyvern's attack. x2
The two-headed ogre hits you with a +0 giant club.
* * * LOW HITPOINT WARNING * * *
The two-headed ogre hits you with a +0 giant spiked club!!
You die...

..........#######
#.........#.....#
#.........'.....#
#.........#.....#
..........#.....#
####'######.....###+####
........................
.................l......
................@O....!.
................††......
........................
........................
........................
........................
....... ................
########################
...........


You could see a two-headed ogre (extremely poisoned) and a wyvern.

Vanquished Creatures
  Maurice (D:8)
  A troll (D:5)
  A hornet (D:7)
  Grinder (D:6)
  Prince Ribbit (D:8)
  Sigmund (D:2)
  3 wyverns (D:8)
  A water moccasin (D:5)
  Duvessa (D:4)
  2 sky beasts
  A black bear (D:5)
  2 orc warriors (D:8)
  3 centaurs
  4 ogres
  A kobold brigand (D:9)
  2 bullfrogs
  Blork the orc (D:5)
  A scorpion (D:5)
  A wyvern zombie (D:5)
  Dowan (D:4)
  A water moccasin skeleton (D:5)
  2 water moccasin zombies
  A wyvern skeleton (D:6)
  An electric eel (D:8)
  3 howler monkeys
  2 centaur zombies
  A jelly (D:6)
  2 bullfrog zombies
  2 bullfrog skeletons (D:6)
  2 orc priests
  A gnoll shaman (D:5)
  3 iguanas
  A scorpion zombie (D:5)
  Terence (D:3)
  4 orc wizards
  A hound zombie (D:5)
  A howler monkey zombie (D:7)
  Robin (D:2)
  5 gnolls (D:5)
  An adder (D:5)
  2 howler monkey skeletons
  2 shadow imps
  2 white imps
  2 ufetubi
  An adder zombie (D:5)
  A worm (D:2)
  2 dart slugs (D:1)
  21 orcs
  7 ball pythons
  5 endoplasms
  3 giant cockroaches
  15 goblins
  12 hobgoblins
  11 jackals
  12 kobolds
  5 quokkas
  5 bats
  6 frilled lizards
  5 rats
185 creatures vanquished.

Vanquished Creatures (others)
  2 fungi (D:8)
  18 plants
  3 withered plants
23 creatures vanquished.

Grand Total: 208 creatures vanquished

Notes
Turn   | Place    | Note
-------+----------+-------------------------------------------
     0 | D:1      | Ijustatesigmund the Gargoyle Fighter began the quest for
                  | the Orb.
     0 | D:1      | Reached XP level 1. HP: 14/14 MP: 1/1
    20 | D:1      | Reached XP level 2. HP: 12/19 MP: 2/2
   188 | D:1      | Found Ickou's Distillery.
   647 | D:1      | Reached XP level 3. HP: 24/24 MP: 3/3
   814 | D:1      | Bought a potion of curing for 42 gold pieces
  1467 | D:2      | Noticed Sigmund
  1477 | D:2      | Killed Sigmund
  1478 | D:2      | Reached skill level 4 in Fighting
  1478 | D:2      | Reached XP level 4. HP: 10/30 MP: 4/4
  1478 | D:2      | Reached XP level 5. HP: 12/34 MP: 5/5
  1879 | D:2      | Noticed Robin
  2183 | D:2      | Killed Robin
  2184 | D:2      | Reached XP level 6. HP: 40/40 MP: 6/6
  2219 | D:2      | Reached skill level 5 in Maces & Flails
  2464 | D:2      | Found a sparkling altar of Nemelex Xobeh.
  2488 | D:3      | Noticed Terence
  2519 | D:3      | Killed Terence
  2746 | D:3      | Found an ancient bone altar of Kikubaaqudgha.
  2772 | D:3      | Found a shimmering altar of Xom.
  2887 | D:3      | Reached skill level 5 in Fighting
  2936 | D:3      | Found a white marble altar of Elyvilon.
  3970 | D:4      | Reached XP level 7. HP: 39/44 MP: 7/7
  4070 | D:4      | Noticed Dowan
  4071 | D:4      | Noticed Duvessa
  4080 | D:4      | Killed Duvessa
  4084 | D:4      | Killed Dowan
  4649 | D:5      | Entered Level 5 of the Dungeon
  4721 | D:5      | Noticed Blork the orc
  4758 | D:5      | Killed Blork the orc
  4759 | D:5      | Reached skill level 6 in Fighting
  4759 | D:5      | Reached XP level 8. HP: 25/51 MP: 8/8
  4765 | D:5      | Reached skill level 5 in Armour
  4765 | D:5      | Reached skill level 5 in Shields
  5106 | D:5      | Found a shadowy altar of Dithmenos.
  5135 | D:5      | Reached skill level 1 in Dodging
  5252 | D:5      | Noticed a troll
  5270 | D:5      | Killed a troll
  5271 | D:5      | Reached skill level 7 in Fighting
  5897 | D:5      | Reached XP level 9. HP: 57/57 MP: 9/9
  5988 | D:5      | Found a staircase to the Ecumenical Temple.
  6003 | Temple   | Entered the Ecumenical Temple
  6010 | Temple   | Became a worshipper of Cheibriados the Contemplative
  6124 | D:5      | Found a glowing golden altar of the Shining One.
  6211 | D:6      | Found a bloodstained altar of Trog.
  6229 | D:6      | Reached skill level 1 in Invocations
  6509 | D:6      | Found a hazy altar of Hepliaklqana.
  6547 | D:6      | Found a blossoming altar of Fedhas.
  6656 | D:6      | Found a sparkling altar of Nemelex Xobeh.
  6668 | D:6      | Noticed Grinder
  6669 | D:6      | Paralysed by Grinder for 3 turns
  6688 | D:6      | Killed Grinder
  6968 | D:6      | Reached skill level 8 in Fighting
  7100 | D:6      | Got the Volume of Beguiling
  7279 | D:6      | Found a shimmering blue altar of Sif Muna.
  7360 | D:7      | Noticed a hornet
  7367 | D:7      | Killed a hornet
  7367 | D:7      | Reached * piety under Cheibriados
  8315 | D:8      | Reached XP level 10. HP: 60/65 MP: 11/13
  8385 | D:8      | Reached ** piety under Cheibriados
  8422 | D:8      | Noticed Maurice
  8435 | D:8      | Killed Maurice
  8440 | D:8      | Reached skill level 9 in Fighting
  8845 | D:8      | Noticed Prince Ribbit
  8859 | D:8      | Killed Prince Ribbit
  8864 | D:8      | Reached skill level 5 in Invocations
  9588 | D:9      | Noticed a two-headed ogre
  9601 | D:9      | Slain by a two-headed ogre

Illustrated notes

Levels and vault maps discovered:
D:1:      onia_arrival_pyramid, layout_rooms, serial_co_window_serial,
          co_window_paths_b, co_window_of_opportunity_a,
          co_window_of_opportunity_a, co_window_of_opportunity_a,
          co_window_paths_b, co_window_paths_c, co_window_broadway_b,
          co_window_broadway_c, glass_columns_b, glass_columns_b,
          glass_columns_a, glass_columns_a, glass_columns_a, serial_shops, shop,
          minmay_domino_4
D:2:      layout_basic, basic_altar, uniq_robin, uniq_sigmund
D:3:      layout_rooms, amcnicky_altar_gilded, kiku_gazebo_garden_becter,
          elyvilon_altar_3, minmay_door_square, minmay_misc_feat_alley,
          uniq_terence
D:4:      layout_basic, serial_bayou_lagoon_a, uniq_duvessa
D:5:      layout_loops_corners, tso_oasis_becter,
          nicolae_dithmenos_through_a_glass_darkly, temple_hall, serial_undead,
          serial_undead_c, serial_undead_b, serial_undead_d, serial_undead_a,
          uniq_blork_the_orc
D:6:      layout_basic, overflow_temple_1_default, fedhas_ov_isle_minmay,
          tgw_sif, nicolae_hepliaklqana_hazy_memory, trog_three_pillars_becter,
          kennysheep_nub, minmay_fractal_squares_diagonal_5, uniq_grinder
D:7:      layout_loops_ring
D:8:      layout_rooms, fungi_pond_lemuel, uniq_prince_ribbit1, uniq_maurice
D:9:      layout_stronghold
Temple:   nicolae_temple_x_marks_the_god

Skill      XL: |  1  2  3  4  5  6  7  8  9 10 |
---------------+-------------------------------+-----
Maces & Flails | 3 4 5 7 8 |  8.8
Fighting       | 4 5 6 7 8 9 |  9.2
Armour         | 4 5 |  5.6
Shields        | 4 5 |  5.2
Dodging        | 2 4 |  4.7
Invocations    | 4 5 |  5.1

Action                   |  1- 3 |  4- 6 |  7- 9 | 10-12 || total
-------------------------+-------+-------+-------+-------++-------
Melee: Flail             |   132 |   203 |   274 |    85 ||   694
Throw: Throwing net      |       |       |     1 |       ||     1
Evoke: Wand              |       |       |     4 |     2 ||     6
  Use: Scroll            |     3 |     6 |     6 |     2 ||    17
       Potion            |     2 |       |     4 |     2 ||     8
Armor: Scale mail        |    84 |    87 |       |       ||   171
       Ring mail         |       |    59 |   130 |    42 ||   231
       Skin              |       |       |    15 |       ||    15
Dodge: Dodged            |    73 |    75 |    98 |    51 ||   297
Block: Kite shield       |    90 |   145 |   154 |    74 ||   463
